AoeStats
← web

Arena

507763372Analyzed
1v1 RM · 12d ago on Sep 19, 2026· 29m 2s· 2 players
Game mode
Random Map
Map size
Tiny (2 player)
Population
200
Speed
Normal
Resources
Standard
Victory
Conquest
Starting age
Dark Age
Ending age
Imperial Age
RankedLock teamsTeams togetherTeam positionsShared explorationLock speedFull tech treeHidden civsTurbo modeCheats
Victory
Defeat
🇺🇸 Celts · United States
1402
+16
🇮🇳 Khmer · India
1400
-16
Eby
11:16 Feudal Age
12:07 Double-Bit Axe
14:59 Castle Age
13:43 Horse Collar
14:55 Wheelbarrow
16:04 Light Cavalry
22:45 Loom
24:00 Bow Saw
23:52 Heavy Plow
24:12 Stone Mining
25:08 Hand Cart
28:33 Imperial Age
27:24 Bloodlines
27:15 Husbandry
web
10:45 Feudal Age
14:33 Castle Age
12:37 Double-Bit Axe
12:55 Horse Collar
19:48 Man-at-Arms
22:13 Long Swordsman
23:29 Bow Saw
22:57 Pikeman
23:41 Scale Mail Armor
23:52 Forging
24:10 Gambesons
26:03 Gambesons
26:04 Arson
29:49 Chain Mail Armor
Connection lost

Rejoining the realm…

Still unreachable

The connection could not be restored.

Session expired

The server has moved on; the page needs a fresh start.